 Dungeon Crawl Stone Soup version 0.30.1 (webtiles) character file.

Game seed: 17622344511714566004

70 Milic the Chopper (level 4, 0/41 HPs)
             Began as a Minotaur Berserker on July 1, 2023.
             Was a Follower of Trog.
             Slain by a gnoll
             ... wielding a +2 halberd of protection
              (3 damage)
             ... on level 3 of the Dungeon.
             The game lasted 00:06:52 (1440 turns).

Milic the Chopper (Minotaur Berserker)              Turns: 1440, Time: 00:06:54

Health: 0/41       AC:  7    Str: 21 (24) XL:     4   Next: 4%
Magic:  3/3        EV: 10    Int:  3 (4)  God:    Trog [*.....]
Gold:   88         SH:  0    Dex:  7 (9)  Spells: 3/3 levels left

rFire   . . .        a - +0 hand axe
rCold   . . .        (no shield)
rNeg    . . .        f - +1 scale mail
rPois   .            (helmet restricted)
rElec   .            (no cloak)
rCorr   .            (no gloves)
SInv    .            (no boots)
Will    .....        (no amulet) Stlth
                     i - ring of flight
HPRegen 0.26/turn    (no ring)
MPRegen 0.08/turn

%: no passive effects
@: on berserk cooldown, flying, slowed, very slow
A: horns 2, retaliatory headbutt
a: Renounce Religion, Berserk


You were on level 3 of the Dungeon.
You worshipped Trog.
Trog was aware of your devotion.
You visited 1 branch of the dungeon, and saw 3 of its levels.

You collected 88 gold pieces.

Inventory:

Hand Weapons
 a - a +0 hand axe (weapon)
Armour
 f - a +1 scale mail (worn)
Jewellery
 i - a ring of flight (left hand)
Wands
 d - a wand of flame (3)
Scrolls
 b - a scroll of enchant armour
 g - a scroll of magic mapping
 h - a scroll of teleportation {unknown}
 j - a scroll of identify {unknown}
Potions
 c - a potion of curing
 e - 2 potions of degeneration


   Skills:
 + Level 4.5 Fighting
 + Level 5.0 Axes
 + Level 2.8 Armour
 - Level 2.2 Dodging


You had 3 spell levels left.
You didn't know any spells.
Your spell library was empty.

Dungeon Overview and Level Annotations

Branches:
Dungeon (3/15)

Altars:

Shops:
D:2 !


Innate Abilities, Weirdness & Mutations

You have a pair of horns on your head.
You reflexively headbutt those who attack you in melee.


Message History

You closely miss the gnoll.
The gnoll is moderately wounded.
The gnoll hits you with a +0 spear!
The gnoll hits you from afar with a +2 halberd of protection!
* * * LOW HITPOINT WARNING * * *
You barely miss the gnoll. You headbutt the gnoll!
You kill the gnoll!
Trog accepts your kill.
Your Axes skill increases to level 5!
You have reached level 4!
You feel stronger.
A hobgoblin comes into view. x2
The gnoll hits you with a +0 whip.
* * * LOW HITPOINT WARNING * * *
The gnoll hits you with a +2 halberd of protection.
* * * LOW HITPOINT WARNING * * *
Things that are here:
a +0 spear; a gnoll corpse You feel a strong urge to attack something.
The gnoll closely misses you.
You feel your anger nearly subside.
You are no longer berserk.
You are exhausted.
You feel yourself slow down. The gnoll hits you with a +0 whip.
* * * LOW HITPOINT WARNING * * *
The gnoll closely misses you. The gnoll barely misses you.
It was a potion of curing.
You feel better. The gnoll barely misses you.
The gnoll hits you from afar with a +2 halberd of protection!
* * * LOW HITPOINT WARNING * * *
The gnoll barely misses you. You furiously retaliate!
You headbutt the gnoll.
Unknown command.
It was a potion of degeneration.
There was something very wrong with that liquid.
You feel weakened.
You feel dopey.
You feel clumsy. The gnoll closely misses you. You furiously retaliate!
You headbutt the gnoll!
You kill the gnoll!
Trog accepts your kill.
The gnoll hits you from afar with a +2 halberd of protection.
You die...

........#.##..
..........##.#
...)....####^###
........# #...#
....)...# #.#.#
........####.#.####
..#.#####.>..#....#
#.#.......#######.#
#.#######....#.)@.#
#. ####.#g####
###.#.####
###........#
........##K# #
###.##..##.# .# #
#..##.# #.##
#..##K##...####
#..##..)g......


You could see a gnoll.

Vanquished Creatures
  3 gnolls
  An adder (D:2)
  4 endoplasms
  3 giant cockroaches
  3 goblins
  3 hobgoblins
  6 kobolds
  8 ball pythons
  3 bats
  2 frilled lizards
  7 rats
43 creatures vanquished.

Notes
Turn   | Place    | Note
-------+----------+-------------------------------------------
     0 | D:1      | Milic the Minotaur Berserker began the quest for the Orb.
     0 | D:1      | Reached XP level 1. HP: 19/19 MP: 0/0
    88 | D:1      | Reached XP level 2. HP: 21/27 MP: 1/1
   173 | D:1      | Reached skill level 4 in Axes
   369 | D:1      | Reached XP level 3. HP: 29/34 MP: 2/2
   762 | D:2      | Found Oca Joug's Distillery.
  1427 | D:3      | Reached skill level 5 in Axes
  1427 | D:3      | Reached XP level 4. HP: 16/41 MP: 3/3
  1439 | D:3      | HP: 2/41 [gnoll/+2 halberd of protection (11)]
  1440 | D:3      | Slain by a gnoll

Illustrated notes

Levels and vault maps discovered:
D:1:      ncdulo_lavacross, layout_basic
D:2:      layout_loops_ring, serial_shops, shop
D:3:      layout_loops_ring

Skill      XL: |  1  2  3 |
---------------+----------+-----
Fighting       | 4 |  4.5
Axes           | 4 5 |  5.0
Armour         | |  2.8
Dodging        | |  2.2

Action                     |  1- 3 |  4- 6 || total
---------------------------+-------+-------++-------
  Melee: Hand axe          |    71 |       ||    71
         Headbutt          |     7 |       ||     7
         Punch             |     1 |       ||     1
 Invoke: Berserk           |     3 |       ||     3
    Use: Scroll            |     4 |       ||     4
         Potion            |       |     2 ||     2
 Armour: Animal skin       |     4 |       ||     4
         Scale mail        |    16 |       ||    16
  Dodge: Dodged            |    41 |     6 ||    47
